 Dungeon Crawl Stone Soup version 0.30.0-10-gfe55d96785 (webtiles) character file.

Game seed: 13246492671603495958

22045 Strat the Brawler (level 12, -3/133 HPs)
             Began as a Troll Artificer on May 15, 2023.
             Was a Priest of Ru.
             Slain by a starcursed mass (7 damage)
             ... on level 1 of the Abyss.
             The game lasted 00:29:43 (12452 turns).

Strat the Brawler (Troll Artificer)                Turns: 12452, Time: 00:29:43

Health: -3/133     AC: 10    Str: 27    XL:     12   Next: 59%
Magic:  0/11       EV:  9    Int:  7    God:    Ru [***...]
Gold:   547        SH:  0    Dex: 10    Spells: 11/11 levels left

rFire   . .          .
                       - Unarmed
rCold   . . .        (no shield)
rNeg    . . .        e - +0 swamp dragon scales
rPois   +            f - +1 hat
rElec   .            (no cloak)
rCorr   .            (gloves unavailable)
SInv    .            (boots unavailable)
Will    .....        i - amulet of guardian spirit
Stlth   +            (no ring)
HPRegen 0.00/turn    (no ring)
MPRegen 0.12/turn

%: guardian spirit
@: sick
A: large, unfitting armour, claws 3, regeneration 1, shaggy fur 1, tough skin 1,
inability to use devices, no conjurations magic, no poison magic, no
transmutations magic, screaming 1
a: Renounce Religion, Draw Out Power


You were on level 1 of the Abyss.
You worshipped Ru.
Ru was most pleased with you.
You visited 2 branches of the dungeon, and saw 12 of its levels.
You visited the Abyss 1 time.

You collected 547 gold pieces.

Inventory:

Hand Weapons
 c - a +0 heavy flail
Missiles
 k - 32 poisoned darts
 n - 9 large rocks
 r - 16 boomerangs
Armour
 e - +0 swamp dragon scales (worn)
 f - a +1 hat (worn)
Jewellery
 b - a ring of ice
 i - an amulet of guardian spirit (around neck)
 x - a ring of fire
 C - a ring of poison resistance
Scrolls
 a - 4 scrolls of enchant armour
 d - a scroll of amnesia
 h - a scroll of fear
 o - 3 scrolls of poison
 q - 4 scrolls of enchant weapon
 s - 8 scrolls of teleportation
 y - a scroll of fog
Potions
 g - 9 potions of curing
 j - a potion of cancellation
 l - a potion of mutation {unknown}
 m - a potion of ambrosia {unknown}
 p - 2 potions of lignification
 t - 4 potions of attraction
 u - 2 potions of brilliance
 v - 2 potions of resistance
 w - a potion of experience {unknown}
 z - a potion of invisibility {unknown}
 A - 2 potions of magic {unknown}
 B - a potion of flight {unknown}


   Skills:
 + Level 12.8 Fighting
 - Level 1.9 Dodging
 - Level 0.3 Stealth
 + Level 17.0 Unarmed Combat


You had 11 spell levels left.
You didn't know any spells.
Your spell library contained the following spells:

 Spells                   Type           Power      Damage    Failure   Level
 Apportation              Tloc           0%         N/A       56%         1
 Freeze                   Ice            0%         1d3       56%         1
 Necrotise                Necr           0%         1d4       56%         1
 Summon Small Mammal      Summ           0%         N/A       56%         1
 Ensorcelled Hibernation  Hex/Ice        0%         N/A       71%         2
 Sublimation of Blood     Necr           0%         N/A       71%         2
 Call Canine Familiar     Summ           0%         N/A       91%         3
 Frozen Ramparts          Ice            0%         1d1       91%         3
 Summon Guardian Golem    Hex/Summ       0%         N/A       91%         3
 Swiftness                Air            0%         N/A       91%         3
 Tukima's Dance           Hex            0%         N/A       91%         3
 Vampiric Draining        Necr           0%         2d6       91%         3
 Dispel Undead            Necr           0%         3d6       100%        4
 Passage of Golubria      Tloc           0%         N/A       100%        4
 Agony                    Necr           0%         N/A       100%        5
 Silence                  Hex/Air        0%         N/A       100%        5
 Death Channel            Necr           0%         N/A       100%        6
 Ignition                 Fire           0%         3d3       100%        8
 Cigotuvi's Dreadful Rot  Necr/Pois/Air  Unusable   N/A       N/A         2
 Passwall                 Tmut/Erth      Unusable   N/A       N/A         2
 Dazzling Flash           Conj/Hex       Unusable   N/A       N/A         3
 Hailstorm                Conj/Ice       Unusable   3d3       N/A         3
 Ignite Poison            Fire/Tmut/Pois Unusable   N/A       N/A         3
 Petrify                  Tmut/Erth      Unusable   N/A       N/A         4
 Sticky Flame             Conj/Fire      Unusable   2d3       N/A         4
 Alistair's Intoxication  Tmut/Pois      Unusable   N/A       N/A         5
 Irradiate                Conj/Tmut      Unusable   3d11      N/A         5
 Yara's Violent Unravell  Hex/Tmut       Unusable   3d3       N/A         5

Dungeon Overview and Level Annotations

Branches:
Dungeon (11/15)            Temple (1/1) D:6            Lair (0/5) D:8
    Orc: D:9-12

Altars:
Gozag
Okawaru
Ru
Sif Muna
Trog
Uskayaw
Vehumet
Wu Jian
Yredelemnul
Zin
The Shining One

Shops:
D:2 *

Annotations:
D:3 Sigmund
D:10 3 runed translucent doors, Pimp's ghost, novice DsFi
D:11 Erolcha


Innate Abilities, Weirdness & Mutations

You are too large for most types of armour.
You have claws for hands.
Your natural rate of healing is unusually fast.
You are covered in fur. (AC +1)
You have tough skin. (AC +1)
You cannot study or use magical devices.
You cannot study or cast Conjurations magic.
You cannot study or cast Poison magic.
You cannot study or cast Transmutations magic.
You occasionally shout uncontrollably at your foes.


Message History

You barely miss the small abomination.
The small abomination is moderately damaged.
The small abomination hits you!
* * * LOW HITPOINT WARNING * * *
You claw the small abomination!
The small abomination is heavily damaged.
The small abomination closely misses you.
You mangle the small abomination!!
You destroy the small abomination!
The stone giant zombie hits you!!
* * * LOW HITPOINT WARNING * * *
A starcursed mass comes into view.
The stone giant zombie hits you.
* * * LOW HITPOINT WARNING * * *
A starcursed mass splits.
The stone giant zombie hits you!
* * * LOW HITPOINT WARNING * * *
A starcursed mass splits.
You mangle the stone giant zombie!!
The stone giant zombie is lightly damaged.
You mangle the stone giant zombie!!
The stone giant zombie is moderately damaged.
A starcursed mass splits.
The stone giant zombie hits you!
* * * LOW HITPOINT WARNING * * *
You mangle the stone giant zombie!!
You claw the stone giant zombie, but do no damage.
The stone giant zombie is heavily damaged.
You eviscerate the stone giant zombie!!!
The stone giant zombie is severely damaged.
The stone giant zombie completely misses you.
A chorus of shrieks assaults your mind.
* * * LOW HITPOINT WARNING * * *
You scratch the stone giant zombie. You claw the stone giant zombie!!
You destroy the stone giant zombie!
A chorus of shrieks assaults your mind.
* * * LOW HITPOINT WARNING * * *
A starcursed mass splits.
The starcursed mass attacks as you move away!
The starcursed mass touches you!
You die...

#. .###. ..
#....# .##
..... ..##
#... .#.##
....##..##...
##.#.#.....#
#..##.@#....
#...X##.
#..#.#.##
##.X....#
#.XX#X..###
#.#.##.#..# .
## ##...# #.
....# # ##.##


You could see 3 starcursed masses.

Vanquished Creatures
  A tentacled starspawn (Abyss:1)
  A centaur warrior (D:9)
  2 two-headed ogres
  A boulder beetle (D:11)
  A fire crab (shapeshifter) (D:10)
  A wizard (D:9)
  2 deep elf pyromancers
  An ugly thing (D:9)
  A will-o-the-wisp (Abyss:1)
  A stone giant zombie (Abyss:1)
  2 cyclopes
  Maggie (D:6)
  An efreet (Abyss:1)
  A rime drake (D:8)
  A kobold demonologist (D:9)
  An ancient zyme (Abyss:1)
  6 trolls
  3 hornets
  A blink frog (shapeshifter) (Abyss:1)
  2 shadows
  A large abomination (Abyss:1)
  20 yaks
  3 wraiths
  3 wyverns
  4 steam dragons
  A ynoxinul (Abyss:1)
  A neqoxec (Abyss:1)
  Eustachio (D:5)
  3 vampire mosquitoes
  2 acid dragons
  A water moccasin (D:6)
  7 orc warriors
  2 ice beasts
  2 ogres (D:5)
  3 black bears
  5 wolves (D:8)
  2 sky beasts (D:7)
  5 centaurs
  A phantom (D:6)
  A kobold brigand (D:10)
  Blork the orc (D:6)
  3 small abominations (Abyss:1)
  6 bullfrogs
  3 scorpions (D:5)
  17 wights
  16 killer bees
  7 howler monkeys
  2 jellies
  3 orc priests
  A gnoll bouda (D:5)
  A hound (D:7)
  2 sleepcaps
  2 iguanas
  8 orc wizards
  Robin (D:2)
  11 gnolls
  7 adders
  2 white imps (D:6)
  3 ufetubi
  3 worms
  5 dart slugs
  30 orcs
  7 ball pythons
  11 bats
  4 endoplasms
  5 giant cockroaches
  16 goblins
  18 hobgoblins
  9 quokkas
  3 frilled lizards (D:1)
  15 kobolds
  6 rats
  A starspawn tentacle (Abyss:1)
328 creatures vanquished.

Vanquished Creatures (collateral kills)
  An orc priest (D:6)
  An iguana (D:6)
  An ufetubus (D:6)
  An orc (D:6)
4 creatures vanquished.

Vanquished Creatures (others)
  7 starspawn tentacles (Abyss:1)
7 creatures vanquished.

Grand Total: 339 creatures vanquished

Notes
Turn   | Place    | Note
-------+----------+-------------------------------------------
     0 | D:1      | Strat the Troll Artificer began the quest for the Orb.
     0 | D:1      | Reached XP level 1. HP: 18/18 MP: 0/0
    94 | D:1      | Reached skill level 1 in Unarmed Combat
   231 | D:1      | Reached XP level 2. HP: 26/26 MP: 1/1
   350 | D:1      | Reached skill level 2 in Unarmed Combat
   518 | D:1      | Found a faded altar of an unknown god.
   915 | D:2      | Reached XP level 3. HP: 32/32 MP: 2/2
   926 | D:2      | Reached skill level 3 in Unarmed Combat
  1109 | D:2      | Found a bloodstained altar of Trog.
  1156 | D:2      | Found Gaonauq's General Store.
  1480 | D:2      | Noticed Robin
  1510 | D:2      | Killed Robin
  1511 | D:2      | Reached XP level 4. HP: 30/40 MP: 3/3
  1817 | D:2      | Reached skill level 4 in Unarmed Combat
  2073 | D:3      | Noticed Sigmund
  2148 | D:4      | Noticed a black bear
  2226 | D:4      | Reached XP level 5. HP: 46/46 MP: 2/4
  2249 | D:4      | Reached skill level 5 in Unarmed Combat
  2667 | D:3      | Found an iron altar of Okawaru.
  3660 | D:4      | Reached XP level 6. HP: 54/54 MP: 5/5
  3733 | D:4      | Reached skill level 6 in Unarmed Combat
  3997 | D:4      | Reached skill level 7 in Unarmed Combat
  4274 | D:4      | Reached XP level 7. HP: 58/61 MP: 4/6
  4325 | D:5      | Entered Level 5 of the Dungeon
  4447 | D:5      | Reached skill level 8 in Unarmed Combat
  4661 | D:5      | Noticed Eustachio
  5170 | D:5      | Noticed a hornet
  5198 | D:5      | Reached skill level 9 in Unarmed Combat
  5198 | D:5      | Reached XP level 8. HP: 59/68 MP: 5/7
  5263 | D:5      | Killed Eustachio
  5294 | D:5      | Killed a hornet
  5295 | D:5      | Reached skill level 10 in Unarmed Combat
  5295 | D:5      | Reached skill level 1 in Fighting
  5884 | D:6      | Reached skill level 11 in Unarmed Combat
  5903 | D:6      | Noticed Blork the orc
  5912 | D:6      | Killed Blork the orc
  5992 | D:6      | Found a staircase to the Ecumenical Temple.
  6006 | Temple   | Entered the Ecumenical Temple
  6024 | Temple   | Became a worshipper of Ru the Awakened
  6056 | D:6      | Noticed Maggie
  6086 | D:6      | Reached XP level 9. HP: 69/80 MP: 6/8
  6166 | D:6      | Killed Maggie
  6619 | D:7      | Reached skill level 12 in Unarmed Combat
  6758 | D:7      | Found a hide-covered altar of Uskayaw.
  6758 | D:7      | Found a basalt altar of Yredelemnul.
  7235 | D:7      | Reached skill level 5 in Fighting
  7774 | D:8      | Gained mutation: You cannot study or use magical devices.
                  | [Ru sacrifice]
  7774 | D:8      | Reached * piety under Ru
  7774 | D:8      | Reached ** piety under Ru
  7949 | D:8      | Noticed a rime drake
  7962 | D:8      | Killed a rime drake
  7963 | D:8      | Reached skill level 13 in Unarmed Combat
  7963 | D:8      | Reached XP level 10. HP: 86/98 MP: 7/9
  8244 | D:8      | Found a staircase to the Lair.
  8490 | D:9      | Noticed a two-headed ogre
  8671 | D:9      | Noticed a cyclops
  8683 | D:8      | Killed a cyclops
  8796 | D:9      | Paralysed by a hornet for 2 turns
  9011 | D:8      | Reached skill level 14 in Unarmed Combat
  9171 | D:8      | Reached XP level 11. HP: 69/116 MP: 4/10
  9256 | D:8      | Reached skill level 10 in Fighting
  9479 | D:9      | Found a glowing silver altar of Zin.
  9482 | D:9      | Found a glowing golden altar of the Shining One.
  9485 | D:9      | Found an opulent altar of Gozag.
  9488 | D:9      | Found a radiant altar of Vehumet.
  9600 | D:9      | Noticed a wizard
  9605 | D:9      | Killed a wizard
  9606 | D:9      | Reached skill level 15 in Unarmed Combat
  9725 | D:9      | Noticed a centaur warrior
  9740 | D:9      | Killed a two-headed ogre
  9745 | D:9      | Killed a centaur warrior
  9921 | D:9      | Gained mutation: You cannot study or cast Poison magic. [Ru
                  | sacrifice]
  9921 | D:9      | Gained mutation: You cannot study or cast Transmutations
                  | magic. [Ru sacrifice]
  9921 | D:9      | Gained mutation: You cannot study or cast Conjurations
                  | magic. [Ru sacrifice]
  9921 | D:9      | Reached *** piety under Ru
  9988 | D:9      | Noticed a deep elf pyromancer
 10070 | D:9      | Identified the +4 ring mail of Qanlimut {Fly rCorr}
 10196 | D:9      | Killed a deep elf pyromancer
 10293 | D:9      | Noticed a green ugly thing
 10307 | D:9      | Killed a green ugly thing
 10424 | D:10     | Entered Level 10 of the Dungeon
 10562 | D:10     | Reached skill level 16 in Unarmed Combat
 10699 | D:10     | Reached XP level 12. HP: 129/132 MP: 9/11
 11367 | D:10     | Found a runed translucent gate.
 11367 | D:10     | Noticed Pimp's ghost (novice DsFi)
 11368 | D:10     | Found a runed translucent gate.
 11369 | D:10     | Found a runed translucent gate.
 11892 | D:11     | Noticed a boulder beetle
 11903 | D:11     | Killed a boulder beetle
 12084 | D:11     | Noticed a two-headed ogre
 12096 | D:11     | Killed a two-headed ogre
 12112 | D:11     | Noticed Erolcha
 12119 | Abyss:1  | Cast into level 1 of the Abyss (Erolcha)
 12142 | Abyss:1  | Gained mutation: You occasionally shout uncontrollably at
                  | your foes. [a neqoxec]
 12196 | Abyss:1  | Found a corrupted altar of Lugonu.
 12359 | Abyss:1  | Noticed a tentacled starspawn
 12390 | Abyss:1  | Killed a tentacled starspawn
 12418 | Abyss:1  | Reached skill level 17 in Unarmed Combat
 12443 | Abyss:1  | Noticed a starcursed mass
 12449 | Abyss:1  | HP: 4/133 [starcursed mass/accursed screaming (5)]
 12452 | Abyss:1  | Slain by a starcursed mass

Illustrated notes

Levels and vault maps discovered:
D:1:      scummos_arrival_hexagon, layout_loops_cross,
          shapermc_ecumenical_altar_mp_highgroup
D:2:      layout_loops_corners, serial_shops, nicolae_shop_hallway_plus,
          basic_altar, nicolae_concentric_dashed_squares_mild, uniq_robin
D:3:      layout_loops_ring, mainiacjoe_overflow_alcove_4, minivault_24,
          hex_tiny, grunt_decor_resistance, minmay_joined_circles, uniq_sigmund
D:4:      kennysheep_spiral_hall, layout_loops_ring,
          minmay_fractal_squares_gapless_5
D:5:      layout_loops_corners, uniq_eustachio
D:6:      layout_cave_pools, minmay_temple_entry_grid, minmay_manual_mess,
          uniq_maggie, uniq_blork_the_orc
D:7:      layout_basic, amethyst_overflow_temple_binary, centaur_isle
D:8:      layout_basic, hellmonk_lair_entry_icy
D:9:      minmay_the_grid_octo_tiled_octocenter [minmay_the_grid_octo_clover_2,
          minmay_the_grid_octo_focus, minmay_the_grid_octo_chip,
          minmay_the_grid_octo_checkerflower, minmay_the_grid_octo_prize_big_c,
          minmay_the_grid_square_5x5_corner,
          minmay_the_grid_square_5x5_pentomino_r,
          minmay_the_grid_square_5x5_three_walls,
          minmay_the_grid_square_5x5_six], layout_basic,
          grunt_temple_overflow_cloverleaf, enter_bailey_4
D:10:     layout_basic, gammafunk_ghost_nasty_kobolds
D:11:     layout_cave_pools, ebering_ghost_xom, uniq_erolcha
Temple:   bh_familiar_temple
Abyss:1:  hangedman_decor_riveting, base:
D:9

Skill      XL: |  1  2  3  4  5  6  7  8  9 10 11 12 |
---------------+-------------------------------------+-----
Unarmed Combat | 1 2 3 4 5 7 9 11 13 14 16 17 | 17.0
Fighting       | 2 6 9 11 12 | 12.8
Evocations     | 0 |  0.0
Dodging        | |  1.9
Stealth        | |  0.3

Action                     |  1- 3 |  4- 6 |  7- 9 | 10-12 || total
---------------------------+-------+-------+-------+-------++-------
  Melee: Unarmed           |   130 |   190 |   262 |   413 ||   995
         Punch             |     3 |     3 |    11 |    46 ||    63
 Invoke: Sacrifice Artific |       |       |     1 |       ||     1
         Sacrifice Arcana  |       |       |       |     1 ||     1
  Evoke: Wand              |       |     3 |    19 |       ||    22
    Use: Scroll            |       |    10 |     7 |    10 ||    27
         Potion            |       |       |     3 |     5 ||     8
   Stab: Distracted        |       |       |       |     3 ||     3
         Invisible         |       |       |       |     1 ||     1
 Armour: Robe              |    46 |    57 |    24 |       ||   127
         Swamp dragon scal |       |       |    52 |   124 ||   176
  Dodge: Dodged            |    73 |    89 |    91 |   163 ||   416
